 Dungeon Crawl Stone Soup version 0.18.1-50-g88ac8fd (webtiles) character file.

214 epen the Insei (level 5, -2/50 HPs)
             Began as a Naga Monk on Sept 19, 2016.
             Slain by an ogre
             ... wielding a +0 giant club
              (4 damage)
             ... on level 4 of the Dungeon.
             The game lasted 00:05:01 (3869 turns).

epen the Insei (Naga Monk)                          Turns: 3869, Time: 00:05:02

Health: -2/50      AC:  3    Str: 14    XL:     5   Next: 91%
Magic:  5/5        EV: 11    Int: 10    God:
Gold:   128        SH:  0    Dex: 14    Spells: 0 memorised, 4 levels left

rFire  . . .     SeeInvis +       - Unarmed
rCold  . . .     Gourm    .     a - +1 robe
rNeg   . . .     Faith    .     (no shield)
rPois  +         Spirit   .     (no helmet)
rElec  .         Dismiss  .     (no cloak)
rCorr  .         Reflect  .     (no gloves)
SustAt .         Harm     .     (no barding)
MR     .....                    l - amulet of rage
Stlth  ++........               (no ring)
                                (no ring)

@: very slow, not resistant to hostile enchantments, unstealthy
A: see invisible, deformed body, poison resistance, slowness 2, slow metabolism
1, spit poison 2, AC +1
a: Spit Poison, Evoke Berserk Rage


You were on level 4 of the Dungeon.
You were not hungry.

You visited 1 branch of the dungeon, and saw 4 of its levels.

You collected 128 gold pieces.

Inventory:

Armour
 a - a +1 robe (worn)
 q - a +0 ring mail
Jewellery
 l - an amulet of rage (around neck)
Scrolls
 k - a scroll of remove curse
 o - a scroll of blinking
Potions
 d - a potion of curing
 g - 2 potions of ambrosia
 i - a potion of beneficial mutation {unknown}
 n - a potion of degeneration {unknown}
Comestibles
 b - 2 bread rations
 c - 2 meat rations
 f - a fruit
 h - 2 chunks of flesh


   Skills:
 + Level 4.1 Fighting
 + Level 3.3 Dodging
 - Level 3.0 Stealth
 * Level 5.6 Unarmed Combat


You had 4 spell levels left.
You didn't know any spells.

Dungeon Overview and Level Annotations

Branches:
Dungeon (4/15)
 Temple: D:4-7

Altars:
Fedhas
Nemelex Xobeh


Innate Abilities, Weirdness & Mutations

You cannot wear boots.
Your serpentine skin is tough (AC +1).
You have supernaturally acute eyesight.
Armour fits poorly on your strangely shaped body.
Your system is resistant to poisons.
You cover ground very slowly.
You have a slow metabolism.
You can spit poison.


Message History

The ogre hits you with a giant club!!
Ouch! That really hurt!
* * * LOW HITPOINT WARNING * * *
You are too injured to fight recklessly!
You fail to use your ability.
The ogre looks more healthy.
The orc hits you but does no damage. The ogre barely misses you.
You hit the ogre. You punch the ogre, but do no damage.
The ogre is almost dead.
The orc hits you with a club.
* * * LOW HITPOINT WARNING * * *
The ogre barely misses you.
You fail to use your ability.
The orc closely misses you.
You barely miss the ogre.
The ogre is almost dead.
The ogre hits you with a giant club.
* * * LOW HITPOINT WARNING * * *
The orc hits you with a club.
* * * LOW HITPOINT WARNING * * *
You fail to use your ability.
The ogre hits you with a giant club.
You die...

#....# #....#
#.....
#....#########
#....#..).(..#
#....#8.....8#
#.oO.#.......#
#.#@##8.....8#
#(#.##.......#
#.#.##8.....8#
#.#.##.......#
#.#.##8.....8#
#.#.##.......#
#.#.#).......#
#.#.รท..........
#.#.)############


You could see an ogre and an orc.

Vanquished Creatures
  A centaur skeleton (D:3)
  Natasha (D:3)
  Robin (D:2)
  3 adders
  4 oozes
  2 worms
  3 giant geckos
  7 orcs
  2 ball pythons
  6 giant cockroaches
  22 goblins
  7 hobgoblins
  9 jackals
  6 bats
  A giant newt (D:1)
  2 kobolds
  8 rats
85 creatures vanquished.

Notes
Turn   | Place    | Note
--------------------------------------------------------------
     0 | D:1      | epen the Naga Monk began the quest for the Orb.
     0 | D:1      | Reached XP level 1. HP: 21/21 MP: 1/1
   521 | D:1      | Reached XP level 2. HP: 23/28 MP: 2/2
  1548 | D:2      | Noticed Robin
  1556 | D:1      | Reached XP level 3. HP: 21/34 MP: 3/3
  1945 | D:2      | Found a faded altar to an unknown god.
  1965 | D:2      | Found a sparkling altar of Nemelex Xobeh.
  1996 | D:2      | Killed Robin
  2007 | D:2      | Reached XP level 4. HP: 20/42 MP: 4/4
  2527 | D:2      | Reached skill level 5 in Unarmed Combat
  2898 | D:3      | Reached XP level 5. HP: 50/50 MP: 5/5
  3242 | D:3      | Found a blossoming altar of Fedhas.
  3348 | D:3      | Noticed Natasha
  3357 | D:3      | Killed Natasha
  3801 | D:4      | Noticed an ogre
  3868 | D:4      | HP: 2/50 [orc/club (1)]
  3869 | D:4      | Slain by an ogre

Skill      XL: |  1  2  3  4  5 |
---------------+----------------+-----
Unarmed Combat | 5 |  5.6
Dodging        | 3 |  3.3
Fighting       | 4 |  4.1
Stealth        | |  3.0

Action                   |  1- 3 |  4- 6 || total
-------------------------+-------+-------++-------
Melee: Unarmed           |   115 |   170 ||   285
       Punch             |     7 |     5 ||    12
 Abil: Spit Poison       |     4 |     5 ||     9
       Evoke Berserk Rag |       |     1 ||     1
  Use: Scroll            |       |     8 ||     8
 Stab: Sleeping          |     4 |     8 ||    12
       Distracted        |     1 |       ||     1
  Eat: Chunk             |     2 |     7 ||     9
Armor: Robe              |    14 |    25 ||    39
Dodge: Dodged            |    50 |    82 ||   132
